 Dungeon Crawl Stone Soup version 0.24.0-37-gcf1ca852f1 (webtiles) character file.

Game seed: 2061039606464672716, levelgen mode: deterministic

52692 grindst0ne the Demolition Human (level 15, -2/122 HPs)
             Began as a Human Artificer on Nov 24, 2019.
             Was an Elder of Makhleb.
             Killed from afar by an ice dragon (22 damage)
             ... with a blast of cold
             ... on level 12 of the Dungeon.
             The game lasted 01:00:51 (28068 turns).

grindst0ne the Demolition Human (Human Artificer)  Turns: 28068, Time: 01:00:52

Health: -2/122     AC: 24    Str: 23    XL:     15   Next: 7%
Magic:  24/24      EV: 25    Int: 17    God:    Makhleb [****..]
Gold:   655        SH:  0    Dex: 13    Spells: 14/14 levels left

rFire    + + .     SeeInvis .   S - +2 battleaxe
rCold    + . .     Gourm    .   (shield currently unavailable)
rNeg     + . .     Faith    .   D - +3 plate armour {rF+}
rPois    .         Spirit   .   B - +0 helmet
rElec    .         Reflect  .   M - +1 cloak {rF+}
rCorr    .         Harm     .   (no gloves)
MR       +....                  I - +1 pair of boots
Stlth    ..........             s - amulet of the acrobat
HPRegen  0.30/turn              J - ring of Voecet {*Drain rC+ rN+ Int+4}
MPRegen  0.19/turn              y - +4 ring of slaying

@: mighty, acrobat
A: no striking features
a: Minor Destruction, Lesser Servant of Makhleb, Major Destruction, Renounce
Religion


You were on level 12 of the Dungeon.
You worshipped Makhleb.
Makhleb was greatly pleased with you.
You were not hungry.

You visited 3 branches of the dungeon, and saw 19 of its levels.
You also visited: Volcano.

You collected 1202 gold pieces.
You spent 547 gold pieces at shops.

Inventory:

Hand Weapons
 l - a +0 scimitar of flaming
 S - a +2 battleaxe (weapon)
Missiles
 k - 4 throwing nets (quivered)
Armour
 x - the +3 chain mail "Seroiwke" {rElec}
   (You found it on level 5 of the Lair of Beasts)

   It insulates you from electricity.
 B - a +0 helmet (worn)
 D - a +3 plate armour of fire resistance (worn)
 I - a +1 pair of boots (worn)
 M - a +1 cloak of fire resistance (worn)
Jewellery
 a - an uncursed ring of protection from cold
 n - an uncursed ring of poison resistance
 q - an uncursed ring of positive energy
 s - an amulet of the acrobat (around neck)
 u - a cursed ring of protection from fire {unknown}
 v - an uncursed ring of flight
 y - a +4 ring of slaying (right hand)
 J - the ring of Voecet (left hand) {*Drain rC+ rN+ Int+4}
   (You found it on level 11 of the Dungeon)

   [ring of positive energy]

   It affects your intelligence (+4).
   It protects you from cold.
   It protects you from negative energy.
   It causes draining when unequipped.
Wands
 d - a wand of enslavement (12)
 e - a wand of random effects (31)
 i - a wand of disintegration (36)
 C - a wand of paralysis (5)
 G - a wand of clouds (3)
 K - a wand of flame (11)
 T - a wand of digging (6)
 U - a wand of polymorph (7)
Scrolls
 c - 2 scrolls of enchant weapon
 h - 9 scrolls of remove curse
 j - 3 scrolls of enchant armour
 m - 4 scrolls of magic mapping
 p - 2 scrolls of amnesia
 r - 6 scrolls of teleportation
 t - 2 scrolls of immolation
 E - a scroll of fog
 F - 2 scrolls of fear
 H - 2 scrolls of blinking
 L - a scroll of identify
Potions
 b - a potion of cancellation
 g - 3 potions of lignification
 o - 2 potions of mutation
 w - a potion of ambrosia
 A - 3 potions of brilliance
 N - 2 potions of might
 O - 2 potions of resistance
 P - 3 potions of flight
 Q - a potion of magic {unknown}
 R - a potion of berserk rage
Comestibles
 f - 24 rations
 z - 8 chunks of flesh


   Skills:
 + Level 12.7 Fighting
   Level 1.0 Short Blades
 + Level 11.9 Axes
 + Level 11.2 Armour
 - Level 6.1 Dodging
 - Level 1.0 Stealth
 + Level 13.0 Invocations
 - Level 6.0 Evocations


You had 14 spell levels left.
You didn't know any spells.
Your spell library contained the following spells:

 Spells                   Type           Power        Failure   Level  Hunger
 Animate Skeleton         Necr           N/A          95%         1    ##.....
 Apportation              Tloc           #.....       95%         1    ##.....
 Beastly Appendage        Tmut           #.....       95%         1    ##.....
 Confusing Touch          Hex            #.....       95%         1    ##.....
 Corona                   Hex            #......      95%         1    ##.....
 Magic Dart               Conj           #...         95%         1    ##.....
 Summon Small Mammal      Summ           #...         95%         1    ##.....
 Ensorcelled Hibernation  Hex/Ice        #.....       99%         2    ###....
 Searing Ray              Conj           #.....       99%         2    ###....
 Slow                     Hex            #.......     99%         2    ###....
 Sticks to Snakes         Tmut           #.......     99%         2    ###....
 Throw Flame              Conj/Fire      #.....       99%         2    ###....
 Confuse                  Hex            #.......     100%        3    ####...
 Conjure Flame            Conj/Fire      #.......     100%        3    ####...
 Dazzling Spray           Conj/Hex       #.....       100%        3    ####...
 Inner Flame              Hex/Fire       #.......     100%        3    ####...
 Portal Projectile        Hex/Tloc       #.....       100%        3    ####...
 Spider Form              Tmut/Pois      #.........   100%        3    ####...
 Stone Arrow              Conj/Erth      #.....       100%        3    ####...
 Tukima's Dance           Hex            #.......     100%        3    ####...
 Cause Fear               Hex            #.........   100%        4    #####..
 Force Lance              Conj/Tloc      #.......     100%        4    #####..
 Fulminant Prism          Conj/Hex       #.........   100%        4    #####..
 Ice Form                 Ice/Tmut       #.......     100%        4    #####..
 Iskenderun's Mystic Bla  Conj           #.......     100%        4    #####..
 Leda's Liquefaction      Hex/Erth       #.........   100%        4    #####..
 Blade Hands              Tmut           #.........   100%        5    ######.
 Borgnjor's Vile Clutch   Necr/Erth      #.........   100%        5    ######.
 Metabolic Englaciation   Hex/Ice        #.........   100%        5    ######.
 Bolt of Cold             Conj/Ice       #.........   100%        6    #######
 Freezing Cloud           Conj/Ice/Air   #.........   100%        6    #######
 Ozocubu's Refrigeration  Ice            #.........   100%        6    #######
 Simulacrum               Ice/Necr       #.........   100%        6    #######


Dungeon Overview and Level Annotations

Branches:
Dungeon (12/15)            Temple (1/1) D:6            Lair (6/6) D:10
 Shoals (0/4) Lair:3       Spider (0/4) Lair:3        Slime (0/5) Lair:5
    Orc (0/2) D:12        Volcano (visited)

Altars:
Ashenzari
Dithmenos
Elyvilon
Fedhas
Gozag
Hepliaklqana
Kikubaaqudgha
Makhleb
Nemelex Xobeh
Okawaru
Ru
Sif Muna
Uskayaw
Vehumet
Wu Jian
Xom
Zin

Shops:
D:5 =   D:8 (%*?(   D:11 !

Annotations:
D:10 2 transporters, Ukhluk's ghost, journeyman TrMo
D:12 1 runed translucent door
Lair:4 exclusion: downstairs
Lair:5 exclusion: 4 oklob plants
Lair:6 exclusion: oklob plant


Message History

Your smoke demon barely misses the ice dragon.
Your smoke demon closely misses the ice dragon.
Your smoke demon barely misses the ice dragon.
A demon appears!
The ice dragon bites you!
* * * LOW HITPOINT WARNING * * *
The ice dragon claws you but does no damage.
The ice dragon barely misses you.
Your smoke demon gestures at the ice dragon.
The ball of steam hits the ice dragon!
The ice dragon is engulfed in a cloud of scalding steam.
The ice dragon barely misses your smoke demon.
The ice dragon closely misses your smoke demon.
The ice dragon tramples your smoke demon!
Your smoke demon holds its ground!
Your smoke demon dies!
The ice dragon breathes frost at you.
The blast of cold hits your smoke demon!!!
Your smoke demon dies!
The blast of cold hits you!! You resist.
You die...

....# #...≈...<....#.. ....#
##.≈......###.#.. ....########
##≈.≈..≈.......#..
...........#####≈≈.≈)≈≈.≈.##..#..
...................≈.≈≈.≈.##..#[#
.................#≈≈.≈≈.≈.##.....
≈≈##.............##≈.≈≈..........
≈≈##......§§§§§..###.≈≈..(.......
..........§.§D§.@....≈#..........
...........§§§§...#..............
..................#..............
...........######.#........#.....
...)...........##.#........#.....
....##+#'#.###.##.#........#.....
..####.#.#.# #.##.#........#.....
..# #.###.###.##.#........#.....
..# #.# #.#......#......^.'.....


You could see an ice dragon.

Vanquished Creatures
  Gastronok (D:8)
  Snorg (D:10)
  2 fire dragons
  An ice dragon (D:12)
  7 hydras
  Erolcha (D:9)
  Joseph (D:8)
  Erica (D:10)
  3 two-headed ogres (Volcano)
  Nergalle (Lair:2)
  2 manticores
  An ugly thing (D:11)
  4 cyclopes
  3 salamanders (Volcano)
  11 elephants
  A merfolk siren (Lair:3)
  A gargoyle (D:12)
  6 black mambas
  11 spiny frogs
  Psyche (D:9)
  A kobold demonologist (D:9)
  2 komodo dragons
  2 rime drakes
  A troll (D:12)
  3 merfolk (Lair:3)
  A hornet (Lair:6)
  2 polar bears
  7 hippogriffs
  39 yaks
  A shadow (D:12)
  A wraith (D:11)
  A basilisk (D:11)
  9 wyverns
  7 fire bats (Volcano)
  A hungry ghost (D:12)
  A steam dragon (Volcano)
  3 vampire mosquitoes (D:12)
  20 water moccasins
  11 porcupines
  3 orc warriors
  A black bear (Lair:1)
  3 ice beasts
  4 sky beasts
  A phantom (D:10)
  2 eyes of draining
  8 ogres
  8 wolves
  6 centaurs
  13 crocodiles
  2 big kobolds (D:9)
  8 bullfrogs
  6 scorpions
  3 killer bees (D:8)
  24 wights
  2 howler monkeys
  3 electric eels
  2 crimson imps
  2 bullfrog zombies
  7 hounds
  7 jellies
  6 orc priests
  10 orc wizards
  An iguana (D:5)
  9 worker ants
  A killer bee zombie (D:10)
  A hound skeleton (D:5)
  A worker ant zombie (D:6)
  7 gnolls
  9 adders
  A howler monkey skeleton (D:6)
  4 shadow imps
  5 oozes (D:8)
  An adder zombie (D:6)
  An adder skeleton (D:8)
  4 worms
  A dart slug (D:1)
  4 leopard geckos
  35 orcs
  10 giant cockroaches
  8 hobgoblins
  13 jackals
  9 quokkas
  4 ball pythons
  8 bats
  7 frilled lizards
  9 goblins
  6 kobolds
  3 quokka skeletons
  5 rats (D:1)
  A butterfly (Lair:5)
  4 fungi
  6 plants
482 creatures vanquished.

Vanquished Creatures (collateral kills)
  The ghost of Nilihum the Bludgeoner, a journeyman HuFi of Okawaru (Lair:5)
  A fire dragon (D:12)
  Harold (D:8)
  A lindwurm (Lair:5)
  A black mamba (Lair:5)
  A spiny frog (Lair:5)
  A crocodile (Lair:5)
  3 bullfrogs
  4 jackals (D:8)
  A fungus (Lair:5)
15 creatures vanquished.

Vanquished Creatures (others)
  A wyvern (Volcano)
  3 bushes
  23 fungi
  52 plants
79 creatures vanquished.

Grand Total: 576 creatures vanquished

Notes
Turn   | Place    | Note
-------+----------+-------------------------------------------
     0 | D:1      | grindst0ne the Human Artificer began the quest for the Orb.
     0 | D:1      | Reached XP level 1. HP: 15/15 MP: 3/3
    43 | D:1      | Reached XP level 2. HP: 3/22 MP: 4/4
   524 | D:1      | Reached XP level 3. HP: 23/28 MP: 5/5
  2083 | D:2      | Reached XP level 4. HP: 22/35 MP: 6/6
  2653 | D:3      | Reached skill level 1 in Axes
  2917 | D:3      | Reached XP level 5. HP: 28/42 MP: 7/7
  3529 | D:4      | Found a white marble altar of Elyvilon.
  3534 | D:4      | Noticed an ogre
  3542 | D:4      | Killed an ogre
  3542 | D:4      | Reached XP level 6. HP: 43/49 MP: 8/8
  4124 | D:5      | Entered Level 5 of the Dungeon
  4522 | D:5      | Found Ypumoup's Jewellery Shoppe.
  4523 | D:5      | Noticed an ogre
  4537 | D:5      | Killed an ogre
  4537 | D:5      | Reached skill level 5 in Fighting
  4537 | D:5      | Reached XP level 7. HP: 36/56 MP: 9/9
  4788 | D:5      | Found a shadowy altar of Dithmenos.
  6264 | D:6      | Reached XP level 8. HP: 64/65 MP: 10/10
  7184 | D:6      | Found an ancient bone altar of Kikubaaqudgha.
  7457 | D:6      | Found a staircase to the Ecumenical Temple.
  7491 | Temple   | Entered the Ecumenical Temple
  7521 | Temple   | Became a worshipper of Makhleb the Destroyer
  7583 | D:7      | Noticed a +0 dagger
  7583 | D:7      | Noticed a +0 hand axe
  7584 | D:7      | Found a hide-covered altar of Uskayaw.
  7736 | D:7      | Found a shattered altar of Ashenzari.
  8023 | D:7      | Reached skill level 1 in Invocations
  8039 | D:7      | Reached skill level 2 in Invocations
  8039 | D:7      | Reached XP level 9. HP: 49/76 MP: 11/11
  8232 | D:7      | Reached skill level 3 in Invocations
  8666 | D:8      | Found Nasiadup's Magic Scroll Shop.
  8683 | D:8      | Reached skill level 5 in Axes
  8685 | D:8      | Found Rookluhuub's Food Emporium.
  8700 | D:8      | Bought a scroll of identify for 20 gold pieces
  8700 | D:8      | Bought a scroll of identify for 20 gold pieces
  8700 | D:8      | Bought a scroll of identify for 20 gold pieces
  8703 | D:8      | Bought a scroll of enchant weapon for 75 gold pieces
  8703 | D:8      | Bought a scroll of teleportation for 30 gold pieces
  8703 | D:8      | Bought a scroll of teleportation for 30 gold pieces
  8703 | D:8      | Bought a scroll of identify for 20 gold pieces
  9114 | D:8      | Reached * piety under Makhleb
  9143 | D:8      | Found an iron altar of Okawaru.
  9294 | D:8      | Noticed Harold
  9301 | D:8      | Noticed Joseph
  9310 | D:8      | Killed Harold
  9310 | D:8      | Reached skill level 4 in Invocations
  9312 | D:8      | Reached skill level 10 in Fighting
  9329 | D:8      | Found Naalubruth's Assorted Antiques.
  9361 | D:8      | Noticed Gastronok
  9367 | D:8      | Killed Joseph
  9367 | D:8      | Reached skill level 5 in Invocations
  9367 | D:8      | Reached XP level 10. HP: 64/85 MP: 12/14
  9737 | D:8      | Found Vimun's Weapon Emporium.
  9814 | D:8      | Found a sparkling altar of Nemelex Xobeh.
  9841 | D:8      | Found Arysits's Antique Weapon Shop.
  9863 | D:8      | Killed Gastronok
  9863 | D:8      | Reached skill level 6 in Invocations
 10907 | D:8      | Bought a scroll of identify for 52 gold pieces
 11003 | D:9      | Noticed Erolcha
 11255 | D:9      | Killed Erolcha
 11255 | D:9      | Reached XP level 11. HP: 79/92 MP: 14/16
 11265 | D:9      | Reached skill level 7 in Invocations
 11275 | D:9      | Found a radiant altar of Vehumet.
 11665 | D:9      | Noticed a sun demon
 11704 | D:9      | Reached ** piety under Makhleb
 11771 | D:9      | Reached skill level 10 in Axes
 12333 | D:9      | Noticed Psyche
 12337 | D:9      | Killed Psyche
 12337 | D:9      | Reached skill level 1 in Armour
 12593 | D:10     | Entered Level 10 of the Dungeon
 12661 | D:10     | Found a transporter.
 12661 | D:10     | Noticed Ukhluk's ghost (journeyman TrMo)
 12669 | D:10     | Found a transporter.
 12717 | D:10     | Noticed Snorg
 12739 | D:10     | Killed Snorg
 13114 | D:10     | Noticed Erica
 13482 | D:10     | Found a staircase to the Lair.
 13814 | D:10     | Killed Erica
 13814 | D:10     | Reached skill level 5 in Evocations
 13860 | Lair:1   | Entered Level 1 of the Lair of Beasts
 13897 | Lair:1   | Got a fine arbalest
 13907 | Lair:1   | Found a dark tunnel.
 13915 | Volcano  | Entered a volcano
 13917 | Volcano  | Noticed a two-headed ogre
 13929 | Volcano  | Killed a two-headed ogre
 14035 | Volcano  | Noticed a salamander
 14058 | Volcano  | Reached XP level 12. HP: 100/100 MP: 17/17
 14414 | Volcano  | Reached skill level 5 in Dodging
 14510 | Volcano  | Reached skill level 8 in Invocations
 14846 | Volcano  | Reached *** piety under Makhleb
 14860 | Volcano  | Noticed a two-headed ogre
 14867 | Volcano  | Killed a two-headed ogre
 14867 | Volcano  | Reached skill level 5 in Armour
 15038 | Volcano  | Noticed a two-headed ogre
 15038 | Volcano  | Noticed a fire dragon
 15048 | Volcano  | Killed a two-headed ogre
 15053 | Volcano  | Killed a fire dragon
 15533 | Lair:1   | Reached skill level 9 in Invocations
 15855 | Lair:1   | Noticed a six-headed hydra
 15882 | Lair:1   | Killed a one-headed hydra
 16201 | Lair:1   | Identified the +9 arbalest of Shrieking Terror {speed,
                  | *Contam Int+3 Dex+4} (You found it on level 1 of the Lair
                  | of Beasts)
 17085 | Lair:2   | Reached skill level 10 in Invocations
 17085 | Lair:2   | Reached XP level 13. HP: 87/106 MP: 20/20
 17383 | Lair:2   | Reached skill level 11 in Invocations
 18438 | Lair:2   | Noticed Nergalle
 18449 | Lair:2   | Killed Nergalle
 18758 | Lair:3   | Reached **** piety under Makhleb
 18784 | Lair:3   | Noticed a seven-headed hydra
 18801 | Lair:3   | Killed a two-headed hydra
 19691 | Lair:3   | Found a hole to the Spider Nest.
 19800 | Lair:3   | Found a staircase to the Shoals.
 20525 | Lair:4   | Identified the Incunabulum of the Assorted Curses
 20594 | Lair:4   | Reached skill level 12 in Invocations
 21063 | Lair:5   | Found a staircase to the Slime Pits.
 21676 | Lair:5   | Noticed an eight-headed hydra
 21687 | Lair:5   | Killed a three-headed hydra
 21698 | Lair:5   | Reached XP level 14. HP: 44/114 MP: 23/23
 22086 | Lair:5   | Reached skill level 10 in Armour
 22112 | Lair:4   | HP: 5/114 [poisoned by a spiny frog]
 22117 | Lair:4   | HP: 5/114 [poisoned by a spiny frog]
 22124 | Lair:4   | HP: 5/114 [poisoned by a spiny frog]
 22132 | Lair:4   | HP: 5/114 [poisoned by a spiny frog]
 22868 | Lair:5   | Found a runed translucent door.
 22871 | Lair:5   | Noticed Nilihum's ghost (journeyman HuFi)
 22987 | Lair:5   | Killed Nilihum's ghost
 23069 | Lair:5   | Got a scorched chain mail
 23092 | Lair:5   | Identified the +3 chain mail "Seroiwke" {rElec} (You found
                  | it on level 5 of the Lair of Beasts)
 23646 | Lair:6   | Entered Level 6 of the Lair of Beasts
 25106 | D:5      | Bought an uncursed ring of poison resistance for 280 gold
                  | pieces
 25311 | D:11     | Got a clouded amber ring
 25329 | D:11     | Found Mewoocaxt's Distillery.
 25332 | D:11     | Identified the ring of Voecet {*Drain rC+ rN+ Int+4} (You
                  | found it on level 11 of the Dungeon)
 26482 | D:12     | Found a staircase to the Orcish Mines.
 27185 | D:12     | Found the +2 shield of Resistance {rF+ rC+ MR+}
 27185 | D:12     | Found a runed translucent door.
 27202 | D:12     | Found a runed translucent door.
 28003 | D:12     | Reached skill level 13 in Invocations
 28003 | D:12     | Reached XP level 15. HP: 116/122 MP: 24/24
 28068 | D:12     | Killed from afar by an ice dragon

Levels and vault maps discovered:
D:1:      ebering_trefoil_twist, layout_basic, minmay_pentomino_o4
D:2:      layout_loops_ring, first_ration
D:3:      layout_rooms
D:4:      layout_cave_pools, kennysheep_mini
D:5:      layout_layer_cave, nicolae_dithmenos_the_darkroom, serial_shops, shop
D:6:      layout_basic, old_standard_altar, minmay_temple_entry_enclosed_plants
D:7:      layout_loops_ring, cheibrodos_ashenzari_chains,
          dancing_weapons_uskayaw
D:8:      layout_basic, nicolae_overflow_hidden_temple, okawaru_trees_1,
          serial_shops, shop, kennysheep_mini_moat, shop, shop, shop,
          dk_noncrumbling_4, hangedman_little_slice_of_home,
          minmay_misc_feat_columns, uniq_gastronok, uniq_joseph, uniq_harold
D:9:      layout_basic, lemuel_crystal_altar, uniq_erolcha, uniq_psyche
D:10:     layout_basic, lair_entry_dummy, gammafunk_ghost_mausoleum, uniq_snorg,
          uniq_erica
D:11:     layout_long_grid, serial_shops, nicolae_shop_waterfront
D:12:     layout_basic, minmay_guarded_unrand_resistance
Temple:   zaba_magenta_temple
Lair:1:   layout_regular_city, nicolae_volcano_entry_lava_flow,
          grunt_megastairs_3, serial_bayou_shore_a
Lair:2:   layout_layer_cave, grunt_megastairs_1, infiniplex_staircase_pool_2,
          uniq_nergalle
Lair:3:   layout_gridlike, elwin_shoals_entry_stream,
          nicolae_spider_entry_non_spiders, st_stairs_6
Lair:4:   layout_hall_layers
Lair:5:   layout_layer_cave, minmay_slime_entry_oklob_open,
          ebering_ghost_reflecting_pool, grunt_megastairs_4, lemuel_fruit_fields
Lair:6:   guppyfry_lair_end_dragon, layout_regular_city,
          hangedman_lair_tendril_chambers, roderic_batcave

Skill      XL: |  1  2  3  4  5  6  7  8  9 10 11 12 13 14 |
---------------+-------------------------------------------+-----
Fighting       | 2 3 4 5 6 9 10 11 12 | 12.7
Axes           | 1 3 4 7 9 10 11 | 11.9
Invocations    | 2 5 6 7 10 12 13 | 13.0
Armour         | 3 7 9 11 | 11.2
Evocations     | 5 6 |  6.0
Dodging        | 4 6 |  6.1
Short Blades   | |  1.0
Stealth        | |  1.0

Action                   |  1- 3 |  4- 6 |  7- 9 | 10-12 | 13-15 || total
-------------------------+-------+-------+-------+-------+-------++-------
Melee: Short sword       |    49 |       |       |       |       ||    49
       Hand axe          |   147 |   204 |       |       |       ||   351
       Whip              |       |    32 |   173 |   377 |       ||   582
       Morningstar       |       |       |   165 |    28 |       ||   193
       War axe           |       |       |       |   292 |   595 ||   887
       Scimitar          |       |       |       |    16 |    46 ||    62
       Battleaxe         |       |       |       |       |   258 ||   258
Throw: Throwing net      |       |       |       |     1 |     6 ||     7
Invok: Lesser Servant of |       |       |       |     1 |    13 ||    14
Evoke: Wand              |     7 |    12 |     6 |    26 |    45 ||    96
  Use: Scroll            |       |     3 |    14 |    12 |     9 ||    38
       Potion            |       |       |     4 |    14 |    10 ||    28
 Stab: Sleeping          |     1 |       |       |       |       ||     1
       Distracted        |       |       |     1 |       |       ||     1
       Paralysed         |       |       |       |       |    21 ||    21
  Eat: Chunk             |     3 |     9 |     9 |    11 |    25 ||    57
       Ration            |       |       |     2 |     4 |     4 ||    10
Armor: Leather armour    |    51 |       |       |       |       ||    51
       Ring mail         |    27 |    99 |   105 |   105 |       ||   336
       Scale mail        |       |     6 |       |       |       ||     6
       Skin              |       |       |    50 |    70 |       ||   120
       Troll leather arm |       |       |       |    25 |       ||    25
       Plate armour      |       |       |       |   147 |   839 ||   986
       Chain mail        |       |       |       |       |    12 ||    12
Dodge: Dodged            |   158 |   143 |   181 |   339 |   580 ||  1401
       Rpst.: Scimitar   |       |       |       |     1 |     6 ||     7
